[Event "ICC tourney 2690 (75 10)"]
[Site "Internet Chess Club"]
[Date "2021.09.25"]
[Round "1"]
[White "CLOETE, JACK:kinpin007"]
[Black "CAO, DANIEL:danielcao"]
[Result "1-0"]
[ICCResult "Black checkmated"]
[WhiteElo "1525"]
[BlackElo "1276"]
[Opening "Grünfeld: 5.Bf4"]
[ECO "D92"]
[NIC "GI.07"]
[Time "11:00:55"]
[TimeControl "4500+10"]

1. d4 Nf6 2. c4 g6 3. Nf3 Bg7 4. Nc3 d5 5. Bf4 Bf5 6. e3 O-O 7. Qb3 Nc6 8.
Qxb7 Nb4 9. Qxb4 Rb8 10. Qa3 c5 11. Bxb8 Qxb8 12. dxc5 Ne4 13. Nd4 Nxc5 14.
Nxf5 gxf5 15. cxd5 Qd6 16. Rd1 Rb8 17. Bc4 Rxb2 18. Qxb2 Na4 19. Qb7 Bxc3+
20. Ke2 Nb6 21. Bb3 Qa3 22. d6 exd6 23. Qxf7+ Kh8 24. Qf8# {Black
checkmated} 1-0

[Event "ICC tourney 2690 (75 10)"]
[Site "Internet Chess Club"]
[Date "2021.09.25"]
[Round "1"]
[White "dounce, justin T:emptycloud"]
[Black "DATTA, GAURAV D:Geebz76"]
[Result "1-0"]
[ICCResult "Black resigns"]
[WhiteElo "1563"]
[BlackElo "1325"]
[Opening "French: King's Indian attack"]
[ECO "C00"]
[NIC "FR.02"]
[Time "11:01:40"]
[TimeControl "4500+10"]

1. e4 e6 2. d3 d5 3. Nd2 Nf6 4. Ngf3 dxe4 5. dxe4 Be7 6. Bd3 O-O 7. O-O b6
8. e5 Ne8 9. Qe2 Bb7 10. Ne4 a5 11. Rd1 Qc8 12. Neg5 h6 13. Nh7 Ba6 14. Bxa6
Nxa6 15. Nxf8 Bxf8 16. Bf4 Nc5 17. Rd2 Be7 18. Rad1 c6 19. Be3 Nc7 20. Bxc5
bxc5 21. Rd7 Kf8 22. Qe4 Nd5 23. Qh7 Ke8 24. Rxe7+ Kf8 {Black resigns} 1-0

[Event "ICC tourney 2690 (75 10)"]
[Site "Internet Chess Club"]
[Date "2021.09.25"]
[Round "1"]
[White "LIAO, CONNOR:che2468"]
[Black "TANG, VINCENT:VincentT2008"]
[Result "0-1"]
[ICCResult "White resigns"]
[WhiteElo "1393"]
[BlackElo "1614"]
[Opening "King's Indian: East Indian defense"]
[ECO "A48"]
[NIC "QP.06"]
[Time "11:00:55"]
[TimeControl "4500+10"]

1. d4 Nf6 2. Nf3 g6 3. e3 d6 4. b3 Bg7 5. Bb2 O-O 6. Bd3 Nbd7 7. O-O c5 8.
Nbd2 b6 9. c4 Bb7 10. d5 e6 11. e4 e5 12. Nb1 Ne8 13. Nc3 f5 14. a3 f4 15.
Ne2 g5 16. h3 h5 17. Nh2 Rf6 18. Nc3 Rh6 19. Be2 Nef6 20. Nb5 Nf8 21. b4 Bc8
22. f3 Ng6 23. Bc3 a6 24. bxc5 bxc5 25. a4 axb5 26. cxb5 g4 27. fxg4 hxg4
28. Nxg4 Bxg4 29. Bxg4 Nxe4 30. Qc2 Nxc3 31. Bf5 Ne7 32. Be6+ Rxe6 33. dxe6
Ncd5 34. Rf3 Ra5 35. g3 e4 36. Qxe4 Bxa1 37. Kh1 Qf8 38. gxf4 Qf5 39. Qe1
Rxa4 40. Qh4 Qb1+ 41. Kh2 Ra2+ 42. Rf2 Rxf2+ 43. Qxf2 Qb2 {White resigns}
0-1

[Event "ICC tourney 2690 (75 10)"]
[Site "Internet Chess Club"]
[Date "2021.09.25"]
[Round "1"]
[White "JING, ANDREW:andrewj508"]
[Black "ZHANG, FRED:Fredzhang"]
[Result "1-0"]
[ICCResult "Black checkmated"]
[WhiteElo "1359"]
[BlackElo "1578"]
[Opening "Sicilian: closed, 2...Nc6"]
[ECO "B23"]
[NIC "SI.44"]
[Time "11:00:55"]
[TimeControl "4500+10"]

1. e4 c5 2. Nc3 Nc6 3. Bb5 e5 4. d3 Nf6 5. Bxc6 dxc6 6. f4 Bd6 7. Nf3 Bg4 8.
fxe5 Bxf3 9. Qxf3 Bxe5 10. Be3 Bxc3+ 11. bxc3 b6 12. O-O h6 13. e5 Qe7 14.
exf6 Qxf6 15. Qe2 Qe6 16. Rae1 O-O 17. Qd2 Rfe8 18. Rf3 f5 19. Ref1 Rac8 20.
Rg3 Kh7 21. c4 Rc7 22. Bf4 Rce7 23. Re3 Qf6 24. Rxe7 Rxe7 25. c3 b5 26. cxb5
cxb5 27. Re1 c4 28. d4 a6 29. Rxe7 Qxe7 30. d5 g5 31. d6 Qd7 32. Be5 Kg6 33.
Qd5 f4 34. Qe4+ Kf7 35. Qh7+ Ke6 36. Qxd7+ Kxd7 37. Kf2 Ke6 38. h4 Kd7 39.
hxg5 hxg5 40. Bf6 Kxd6 41. Bxg5 Ke5 42. Kf3 Kd5 43. Bxf4 a5 44. g4 b4 45.
cxb4 axb4 46. g5 b3 47. axb3 cxb3 48. Bc1 Ke5 49. Kg4 Ke6 50. Bb2 Kf7 51.
Kf5 Kf8 52. Kg6 Kg8 53. Kh6 Kf8 54. Kh7 Kf7 55. g6+ Ke6 56. g7 Kd5 57. g8=Q+
Ke4 58. Qxb3 Kf4 59. Kg6 Ke4 60. Qc4+ Ke3 61. Qd4+ Kf3 62. Bc1 Ke2 63. Qe3+
Kf1 64. Kh5 Kg2 65. Kg4 Kf1 66. Bd2 Kg2 67. Qe2+ Kh1 68. Qf1+ Kh2 69. Bf4#
{Black checkmated}
1-0

[Event "ICC tourney 2690 (75 10)"]
[Site "Internet Chess Club"]
[Date "2021.09.25"]
[Round "1"]
[White "SULTAN, BASHIR Cisse:muzikmixer"]
[Black "LI, MASON JIN:K03-16739697"]
[Result "1-0"]
[ICCResult "Black checkmated"]
[WhiteElo "1581"]
[BlackElo "1369"]
[Opening "English: Caro-Kann defensive system"]
[ECO "A11"]
[NIC "EO.64"]
[Time "11:21:25"]
[TimeControl "4500+10"]

1. c4 c6 2. Nf3 d5 3. e3 Nf6 4. Nc3 e6 5. b3 Bd6 6. Qc2 Nbd7 7. Bb2 Qe7 8.
Be2 Ba3 9. O-O Bxb2 10. Qxb2 O-O 11. Rac1 b6 12. cxd5 cxd5 13. d4 Bb7 14.
Ne5 Nxe5 15. dxe5 Nd7 16. Nb5 Ba6 17. Rc2 Nc5 18. b4 Bxb5 19. Bxb5 Ne4 20.
f3 Qg5 21. Qd4 a6 22. Bd3 Rac8 23. fxe4 dxe4 24. Qxe4 Rxc2 25. Qxh7#
{Black checkmated}
1-0

[Event "ICC tourney 2690 (75 10)"]
[Site "Internet Chess Club"]
[Date "2021.09.25"]
[Round "1"]
[White "SUSANTO, RIDWAN:fhunfi"]
[Black "Anh, Phuc:Phucanhfananime"]
[Result "0-1"]
[ICCResult "White resigns"]
[WhiteElo "1645"]
[BlackElo "1500"]
[Opening "Sicilian defense"]
[ECO "B20"]
[NIC "SI.48"]
[Time "11:01:08"]
[TimeControl "4500+10"]

1. e4 c5 2. b3 Nc6 3. Bb2 e6 4. Nf3 d5 5. exd5 exd5 6. Bb5 Qe7+ 7. Qe2 Qxe2+
8. Bxe2 Bf5 9. Na3 O-O-O 10. O-O Nf6 11. Rfe1 Bd6 12. Nh4 Be6 13. Bb5 Rhg8
14. Nf3 Bg4 15. Bxc6 bxc6 16. Ne5 Bxe5 17. Bxe5 Nd7 18. Bd6 Rge8 19. Kf1 Kb7
20. Rxe8 Rxe8 21. Re1 Be6 22. c3 c4 23. bxc4 dxc4 24. Nc2 Nb6 25. Nd4 Rd8
26. Nxe6 Rxd6 27. Nc5+ Kc8 28. Re8+ Rd8 29. Rxd8+ Kxd8 30. Ke2 Kc7 31. Ne4
h6 32. Ke3 f5 33. Ng3 g6 34. Kd4 Kd6 35. Nf1 c5+ 36. Ke3 g5 37. Ke2 h5 38.
Ng3 Ke5 39. Nxh5 Nd5 40. Kf3 g4+ 41. Kg3 Ke4 42. h3 gxh3 43. gxh3 Kd3 44.
Nf4+ Nxf4 45. Kxf4 Kxd2 46. h4 Kxc3 47. Ke3 Kb2 48. h5 c3 49. h6 c2
{White resigns}
0-1

[Event "ICC tourney 2690 (75 10)"]
[Site "Internet Chess Club"]
[Date "2021.09.25"]
[Round "1"]
[White "MADABUSHI, RAGHAVAN:jayrag"]
[Black "GARCIA, CARLOS:cayo89"]
[Result "1/2-1/2"]
[ICCResult "Game drawn by mutual agreement"]
[WhiteElo "1325"]
[BlackElo "1547"]
[Opening "Queen's Pawn"]
[ECO "A41"]
[NIC "QO.17"]
[Time "11:01:48"]
[TimeControl "4500+10"]

1. d4 d6 2. Nf3 Nf6 3. c4 Nbd7 4. Nc3 c6 5. e4 Qa5 6. Bd2 Qc7 7. Qc2 e5 8.
d5 Be7 9. Bd3 O-O 10. Nh4 Nc5 11. b4 Nxd3+ 12. Qxd3 Bd7 13. O-O Nxd5 14.
cxd5 Bxh4 15. Rac1 f5 16. Nb5 Qb8 17. dxc6 bxc6 18. Nxd6 f4 19. Qb3+ Kh8 20.
Nf7+ Rxf7 21. Qxf7 Qc8 22. b5 c5 23. Qd5 Bf6 24. Rxc5 Qe8 25. a4 Be6 26. Qc6
Bd7 27. Qb7 Rb8 28. Qd5 Be6 29. Qd3 Rd8 30. Qc3 Qd7 31. Rc6 h6 32. Qc2 Qxd2
33. Qxd2 Rxd2 34. Rxe6 Ra2 35. Ra6 Re2 36. f3 Be7 37. Kh1 Bc5 38. a5 Rb2 39.
Re6 Bd4 40. Re8+ Kh7 41. Rb8 Bc3 42. b6 a6 43. Ra8 Bxa5 44. Rxa6 Bxb6 45. h3
Bd4 46. Re6 Kg8 47. Rd1 Kf7 48. Rd6 Rb4 49. Rd7+ Kf6 50. h4 h5 51. Rc1 Rb6
52. Rdc7 Be3 53. R1c6+ Rxc6 54. Rxc6+ Kf7 55. Kh2 Bf2 56. Kh3 Bg3 57. Ra6 g6
58. Ra5 Kf6 59. Rd5 Ke6 60. Rb5 Kf6 61. Rb7 Ke6 {Game drawn by mutual
agreement} 1/2-1/2

[Event "ICC tourney 2690 (75 10)"]
[Site "Internet Chess Club"]
[Date "2021.09.25"]
[Round "2"]
[White "CAO, DANIEL:danielcao"]
[Black "LIAO, CONNOR:che2468"]
[Result "0-1"]
[ICCResult "White checkmated"]
[WhiteElo "1276"]
[BlackElo "1393"]
[Opening "Sicilian"]
[ECO "B56"]
[NIC "SI.25"]
[Time "14:31:28"]
[TimeControl "4500+10"]

1. e4 c5 2. Nf3 d6 3. d4 cxd4 4. Nxd4 Nf6 5. Nc3 Nc6 6. f3 e6 7. Be3 Be7 8.
g4 d5 9. exd5 Nxd5 10. Nxd5 Qxd5 11. c4 Bh4+ 12. Ke2 Qxc4+ 13. Kd2 Qb4+ 14.
Kc1 Nxd4 15. Bxd4 Bg5+ 16. Kb1 O-O 17. Bc3 Qf4 18. h4 Rd8 19. Qc2 Bf6 20.
Bxf6 Qxf6 21. Bd3 Qxf3 22. Bxh7+ Kh8 23. Be4 Qxg4 24. a3 Rd2 25. Qxd2 Qxe4+
26. Ka2 e5 27. Qd8+ Kh7 28. Qd1 Be6+ 29. b3 Qg2+ 30. Kb1 Bf5+ 31. Kc1 Rc8+
32. Qc2 Qxc2# {White checkmated} 0-1

[Event "ICC tourney 2690 (75 10)"]
[Site "Internet Chess Club"]
[Date "2021.09.25"]
[Round "2"]
[White "GAUDEAU, ALAIN D H:attalone"]
[Black "MADABUSHI, RAGHAVAN:jayrag"]
[Result "1-0"]
[ICCResult "Black resigns"]
[WhiteElo "1650"]
[BlackElo "1325"]
[Opening "Neo-Indian (Seirawan) attack"]
[ECO "E00"]
[NIC "QP.07"]
[Time "14:31:28"]
[TimeControl "4500+10"]

1. d4 Nf6 2. c4 e6 3. Bg5 h6 4. Bh4 Nc6 5. Nc3 Bb4 6. e3 d5 7. cxd5 exd5 8.
Bd3 g5 9. Bg3 Qe7 10. Nf3 Bg4 11. O-O Ne4 12. Nxd5 Qd7 13. Bxe4 {Black
resigns} 1-0

[Event "ICC tourney 2690 (75 10)"]
[Site "Internet Chess Club"]
[Date "2021.09.25"]
[Round "2"]
[White "ZHANG, FRED:Fredzhang"]
[Black "LI, MASON JIN:K03-16739697"]
[Result "0-1"]
[ICCResult "White checkmated"]
[WhiteElo "1578"]
[BlackElo "1369"]
[Opening "Caro-Kann: two knights variation"]
[ECO "B10"]
[NIC "CK.01"]
[Time "14:30:42"]
[TimeControl "4500+10"]

1. e4 c6 2. Nf3 d5 3. Nc3 dxe4 4. Nxe4 Nf6 5. Nxf6+ exf6 6. d4 Bd6 7. Bd3
Bg4 8. Qe2+ Be7 9. O-O O-O 10. c3 Nd7 11. Re1 Re8 12. Qc2 Nf8 13. Nh4 Qc7
14. f3 Bh5 15. Nf5 Bd6 16. Nxd6 Rxe1+ 17. Kf2 Rxc1 18. Qxc1 Qxd6 19. Kg1 Re8
20. g4 Bg6 21. Qd2 Bxd3 22. Qxd3 Ng6 23. Qd2 Qd5 24. Re1 Rxe1+ 25. Qxe1 Qxf3
26. Qe8+ Nf8 27. Qc8 Qd1+ 28. Kf2 Qd2+ 29. Kg3 Qxb2 30. c4 Qc3+ 31. Kg2 Qd2+
32. Kf1 Qd3+ 33. Kg2 Qe2+ 34. Kg3 Qe3+ 35. Kg2 Qxd4 36. Qxb7 Qxg4+ 37. Kf2
Qd4+ 38. Kg2 Qb6 39. Qxb6 axb6 40. Kf2 Nd7 41. Ke3 Kf8 42. h4 Ke7 43. h5 Kd6
44. a4 Nc5 45. Kd4 Nxa4 46. Ke4 h6 47. Kd4 c5+ 48. Ke4 Nb2 49. Kf4 Nxc4 50.
Ke4 b5 51. Kd3 f5 52. Ke2 f4 53. Kd3 f3 54. Ke4 f2 55. Kf3 f1=Q+ 56. Ke4
Qe2+ 57. Kf4 Qe3+ 58. Kf5 Qf3# {White checkmated} 0-1

[Event "ICC tourney 2690 (75 10)"]
[Site "Internet Chess Club"]
[Date "2021.09.25"]
[Round "2"]
[White "Anh, Phuc:Phucanhfananime"]
[Black "SULTAN, BASHIR Cisse:muzikmixer"]
[Result "1-0"]
[ICCResult "Black resigns"]
[WhiteElo "1500"]
[BlackElo "1581"]
[Opening "Queen's Pawn"]
[ECO "A41"]
[NIC "QO.17"]
[Time "14:30:35"]
[TimeControl "4500+10"]

1. d4 d6 2. Bf4 Nd7 3. Nf3 g6 4. c4 Bg7 5. e3 e5 6. Bg3 Qe7 7. Be2 Nh6 8. h3
Nf5 9. Bh2 O-O 10. Nc3 c6 11. O-O Kh8 12. b4 Re8 13. Rb1 a6 14. a4 exd4 15.
exd4 Qf6 16. Rb3 Nxd4 17. Nxd4 Qxd4 18. Bxd6 Qxd1 19. Bxd1 Nb6 20. c5 Nc4
21. Bf4 Bf5 22. Be2 Be5 23. Bxc4 Bxf4 24. Bxf7 Re7 25. Bc4 Rd8 26. Ne2 Be5
27. Ng3 Bc2 28. Re3 Bf6 29. Rf3 Kg7 30. Bb3 Bxb3 31. Rxb3 Rd4 32. Rbb1 Bh4
33. Rfd1 Rxd1+ 34. Rxd1 Bxg3 35. fxg3 Kf6 36. Rd4 Re1+ 37. Kf2 Rb1 38. Ke3
Rb2 39. h4 Ke7 40. Kf3 Rb3+ 41. Kg4 h5+ 42. Kf4 Ke6 43. g4 Kf6 44. gxh5 gxh5
45. g4 hxg4 46. Kxg4 Rb1 47. Rf4+ Kg6 48. Rd4 Rg1+ 49. Kf4 Kh5 50. Ke5 Rg6
51. Rd7 Kxh4 52. Rxb7 Kg3 53. Rb6 Kf3 54. Rxa6 Ke3 55. b5 Rg5+ 56. Kd6 cxb5
57. axb5 Kd4 58. Ra4+ Kc3 59. b6 {Black resigns} 1-0

[Event "ICC tourney 2690 (75 10)"]
[Site "Internet Chess Club"]
[Date "2021.09.25"]
[Round "2"]
[White "DATTA, GAURAV D:Geebz76"]
[Black "SUSANTO, RIDWAN:fhunfi"]
[Result "0-1"]
[ICCResult "White resigns"]
[WhiteElo "1325"]
[BlackElo "1645"]
[Opening "Réti opening"]
[ECO "A13"]
[NIC "QP.11"]
[Time "14:30:46"]
[TimeControl "4500+10"]

1. Nf3 e6 2. c4 f5 3. g3 Nf6 4. Bg2 d6 5. O-O e5 6. d3 Be7 7. Nc3 O-O 8. e4
Nc6 9. a3 a5 10. Nb5 Kh8 11. Re1 Be6 12. Qc2 fxe4 13. dxe4 Ne8 14. Bd2 Ra6
15. b3 Bg4 16. Re3 Bxf3 17. Rxf3 Nd4 18. Rxf8+ Bxf8 19. Nxd4 exd4 20. Qb2 c5
21. b4 axb4 22. axb4 Qa8 23. Rxa6 Qxa6 24. b5 Qa4 25. Qc1 b6 26. Bf3 Nf6 27.
Bd1 Qa2 28. Qc2 Qa1 29. f3 Nd7 30. Qc1 Qxc1 31. Bxc1 Ne5 32. Bg5 Nxc4 33.
Bd8 Na3 34. Be2 c4 35. Bxb6 d3 36. Bd1 Nxb5 37. Ba4 Nc3 {White resigns} 0-1

[Event "ICC tourney 2690 (75 10)"]
[Site "Internet Chess Club"]
[Date "2021.09.25"]
[Round "2"]
[White "TANG, VINCENT:VincentT2008"]
[Black "CLOETE, JACK:kinpin007"]
[Result "1-0"]
[ICCResult "Black resigns"]
[WhiteElo "1614"]
[BlackElo "1525"]
[Opening "QGD Slav defense"]
[ECO "D13"]
[NIC "SL.01"]
[Time "14:31:07"]
[TimeControl "4500+10"]

1. d4 d5 2. c4 c6 3. Nc3 Nf6 4. cxd5 cxd5 5. Nf3 Nc6 6. Bf4 Bg4 7. e3 a6 8.
Be2 e6 9. O-O Be7 10. Rc1 O-O 11. a3 Rc8 12. Na4 Ne4 13. Nd2 Bxe2 14. Qxe2
Nxd2 15. Qxd2 Qa5 16. Qxa5 Nxa5 17. Nb6 Rc6 18. Rxc6 Nxc6 19. b4 h6 20. Rb1
g5 21. Bg3 h5 22. h3 f5 23. Nd7 Rd8 24. Nc5 Bxc5 25. dxc5 d4 26. exd4 Rxd4
27. Bd6 Rd3 28. a4 b5 29. axb5 axb5 30. Bc7 Rd4 31. Ba5 Kf7 32. Kf1 e5 33.
Ke2 Ke6 34. f3 Kd7 35. Ke3 Kc8 36. g3 Kb7 37. Rb3 Nxa5 38. bxa5 Ka6 39. Rc3
Rc4 40. Rxc4 bxc4 41. c6 f4+ 42. gxf4 gxf4+ 43. Ke4 h4 44. Kxe5 c3 45. c7
Kb7 46. Kd6 c2 47. a6+ Kc8 48. a7 Kb7 49. a8=Q+ Kxa8 50. c8=Q+ {Black
resigns} 1-0

[Event "ICC tourney 2690 (75 10)"]
[Site "Internet Chess Club"]
[Date "2021.09.25"]
[Round "2"]
[White "HOSUR, SANMITA:phosur"]
[Black "dounce, justin T:emptycloud"]
[Result "0-1"]
[ICCResult "White resigns"]
[WhiteElo "1123"]
[BlackElo "1563"]
[Opening "QGD: Albin counter-gambit"]
[ECO "D08"]
[NIC "QG.02"]
[Time "14:30:37"]
[TimeControl "4500+10"]

1. d4 d5 2. c4 e5 3. cxd5 Qxd5 4. Nc3 Bb4 5. a3 Bxc3+ 6. bxc3 Nc6 7. e3 exd4
8. cxd4 Nf6 9. Nf3 O-O 10. Be2 Bg4 11. O-O Rad8 12. Bb2 Rfe8 13. Rc1 Ne4 14.
h3 Bh5 15. Bc4 Qd6 16. Bb5 a6 17. Ba4 b5 18. Bc2 Qf6 19. Bxe4 Rxe4 20. Qc2
Bxf3 21. gxf3 Qg6+ 22. Kh1 Re6 23. Qc5 Qh6 24. Kh2 Rf6 25. f4 Qh4 26. Rg1
Qxf2+ 27. Rg2 Qxe3 28. Rcg1 g6 29. Bc1 Qxd4 30. Qg5 Kg7 31. Bb2 h6 32. Bxd4
hxg5 33. Bxf6+ Kxf6 34. fxg5+ Kg7 35. Rc1 Ne5 36. Rf2 Rh8 37. Rg2 c6 38. Kg3
Nc4 39. a4 Re8 40. axb5 cxb5 41. Rgc2 Re5 42. Kf4 Rf5+ 43. Ke4 Rxg5 44. Ra2
a5 45. Rf1 f5+ 46. Kf4 Rh5 47. Kg3 Rh8 48. Re2 Kf6 49. Rd1 Rb8 50. Rd7 b4
51. Ree7 Ne5 52. Rc7 b3 53. Rb7 Rxb7 54. Rxb7 a4 55. Rb4 Nd3 56. Rb6+ Kg5
57. h4+ Kh5 58. Rb8 Kh6 59. Rb6 b2 60. Kf3 a3 {White resigns} 0-1

[Event "ICC tourney 2690 (75 10)"]
[Site "Internet Chess Club"]
[Date "2021.09.25"]
[Round "2"]
[White "Dixon, Javier:JavierDix"]
[Black "Mason, Mike W:MikeWMason"]
[Result "0-1"]
[ICCResult "White resigns"]
[WhiteElo "1519"]
[BlackElo "1614"]
[Opening "Queen's bishop game"]
[ECO "D02"]
[NIC "QP.08"]
[Time "14:31:28"]
[TimeControl "4500+10"]

1. d4 d5 2. Nf3 Nf6 3. Bf4 c5 4. e3 Nc6 5. Nc3 a6 6. Ne5 Bf5 7. g4 Bg6 8.
Nxg6 hxg6 9. Bg2 e6 10. h3 cxd4 11. exd4 Qb6 12. O-O Qxd4 13. Qxd4 Nxd4 14.
Rac1 Bb4 15. Rfe1 O-O 16. a3 Ba5 17. Be5 Nc6 18. b4 Nxe5 19. Rxe5 Bc7 20.
Re2 Rac8 21. Na4 Bf4 22. Rb1 Nd7 23. c4 Rxc4 24. Bf1 Rfc8 25. Reb2 Rc1 26.
b5 a5 27. Kg2 Bd6 28. Rxc1 Rxc1 29. Rb3 b6 30. Bd3 Nc5 31. Nxc5 Bxc5 32. Bb1
Kf8 33. f3 g5 34. Kg3 Rg1+ 35. Kh2 Rc1 36. Kg3 Ke7 37. Kg2 g6 38. Kg3 f5 39.
Kg2 Kf6 40. Kg3 e5 41. Kg2 e4 42. fxe4 fxe4 43. a4 Ke5 {White resigns} 0-1

[Event "ICC tourney 2690 (75 10)"]
[Site "Internet Chess Club"]
[Date "2021.09.25"]
[Round "3"]
[White "CAO, DANIEL:danielcao"]
[Black "ZHANG, FRED:Fredzhang"]
[Result "0-1"]
[ICCResult "White checkmated"]
[WhiteElo "1276"]
[BlackElo "1578"]
[Opening "Sicilian"]
[ECO "B56"]
[NIC "SI.25"]
[Time "18:00:10"]
[TimeControl "4500+10"]

1. e4 c5 2. Nf3 d6 3. d4 cxd4 4. Nxd4 Nf6 5. Nc3 Nc6 6. Be3 e5 7. Nb3 Be6 8.
f3 Be7 9. Qd2 O-O 10. g4 Bxb3 11. axb3 d5 12. exd5 Nb4 13. Bc4 a6 14. O-O-O
b5 15. d6 Qa5 16. dxe7 Qa1+ 17. Nb1 Na2# {White checkmated} 0-1

[Event "ICC tourney 2690 (75 10)"]
[Site "Internet Chess Club"]
[Date "2021.09.25"]
[Round "3"]
[White "dounce, justin T:emptycloud"]
[Black "TANG, VINCENT:VincentT2008"]
[Result "0-1"]
[ICCResult "White resigns"]
[WhiteElo "1563"]
[BlackElo "1614"]
[Opening "Danish gambit: Schlechter defense"]
[ECO "C21"]
[NIC "KP.04"]
[Time "18:00:40"]
[TimeControl "4500+10"]

1. e4 e5 2. d4 exd4 3. c3 dxc3 4. Bc4 cxb2 5. Bxb2 d5 6. Bxd5 Nf6 7. Nc3 Bd6
8. Nf3 O-O 9. Qb3 Nxd5 10. Nxd5 Nc6 11. O-O Re8 12. Rfe1 Bg4 13. h3 Bxf3 14.
Qxf3 Ne5 15. Qc3 c6 16. Ne3 Qg5 17. Nf5 Bf8 18. g3 Qg6 19. f4 Nd7 20. Rad1
Nc5 21. Qf3 Rad8 22. Rxd8 Rxd8 23. Nd4 Na4 24. Ba1 Bc5 25. Rd1 Qe6 26. Kh1
Qxh3+ 27. Kg1 h5 28. Rd2 h4 29. Kf2 Qh2+ 30. Ke1 Qg1+ 31. Ke2 Qxa1 32. Qg4
Bxd4 33. f5 Nc3+ {White resigns} 0-1

[Event "ICC tourney 2690 (75 10)"]
[Site "Internet Chess Club"]
[Date "2021.09.25"]
[Round "3"]
[White "SULTAN, BASHIR Cisse:muzikmixer"]
[Black "LIAO, CONNOR:che2468"]
[Result "0-1"]
[ICCResult "White resigns"]
[WhiteElo "1581"]
[BlackElo "1393"]
[Opening "Sicilian: accelerated fianchetto, Maróczy bind, 6.Be3"]
[ECO "B38"]
[NIC "EO.64"]
[Time "18:00:04"]
[TimeControl "4500+10"]

1. c4 c5 2. Nf3 Nc6 3. d4 cxd4 4. Nxd4 g6 5. e4 Bg7 6. Be3 Nf6 7. Nc3 d6 8.
Be2 Bd7 9. O-O O-O 10. Rc1 a6 11. f3 Ne8 12. Nd5 e6 13. Nxc6 bxc6 14. Nb6
Rb8 15. Nxd7 Qxd7 16. b3 f5 17. exf5 exf5 18. Qd2 Nf6 19. c5 dxc5 20. Qxd7
Nxd7 21. Bxa6 Ra8 22. Bc4+ Kh8 23. Rc2 Rfe8 24. Bf2 Bd4 25. Rd1 Bxf2+ 26.
Kxf2 Nb6 27. Rdd2 Nxc4 28. Rxc4 Re5 29. f4 Rd5 30. Rxd5 Rxa2+ 31. Ke3 cxd5
32. Rxc5 Rb2 33. Rb5 Rxg2 34. Kd4 Rxh2 35. Rxd5 Rd2+ 36. Ke5 Rxd5+ 37. Kxd5
h5 38. Kd4 Kg8 39. b4 Kf8 40. b5 Ke8 41. b6 Kd8 42. b7 Kc7 {White resigns}
0-1

[Event "ICC tourney 2690 (75 10)"]
[Site "Internet Chess Club"]
[Date "2021.09.25"]
[Round "3"]
[White "SUSANTO, RIDWAN:fhunfi"]
[Black "JING, ANDREW:andrewj508"]
[Result "1-0"]
[ICCResult "Black resigns"]
[WhiteElo "1645"]
[BlackElo "1359"]
[Opening "French: Winawer (Nimzovich) variation"]
[ECO "C15"]
[NIC "FR.08"]
[Time "18:00:09"]
[TimeControl "4500+10"]

1. e4 e6 2. d4 d5 3. Nc3 Bb4 4. exd5 exd5 5. Qf3 Nf6 6. Bg5 O-O 7. Bxf6 Qxf6
8. Qxf6 gxf6 9. Ne2 c6 10. O-O-O Bf5 11. Ng3 Bg6 12. h4 Bd6 13. Rh3 Re8 14.
h5 Be4 15. f3 f5 16. fxe4 fxe4 17. Nf5 Bf4+ 18. Ne3 f5 19. Kb1 Bxe3 20. Rxe3
f4 21. Rh3 h6 22. Ne2 Rf8 23. Rh4 f3 24. gxf3 Rxf3 25. Rg4+ Kh8 26. Nf4 Nd7
27. Be2 Rf2 28. Rf1 Rxf1+ 29. Bxf1 Rg8 30. Rxg8+ Kxg8 31. Kc1 Kf7 32. Bh3
Nb6 33. b3 Kf6 34. Kd2 Kg5 35. Ke3 a5 36. a4 Na8 37. Bc8 b6 38. Bb7 c5 39.
Bxd5 cxd4+ 40. Kxe4 Nc7 41. Ne6+ Nxe6 42. Bxe6 Kxh5 43. Kxd4 Kg5 44. Kc4 Kf6
45. Bh3 Kg5 46. Kb5 Kh4 47. Bc8 Kg3 48. Kxb6 h5 49. c4 h4 50. c5 h3 51. Bb7
h2 52. Bh1 Kf2 53. c6 {Black resigns} 1-0

[Event "ICC tourney 2690 (75 10)"]
[Site "Internet Chess Club"]
[Date "2021.09.25"]
[Round "3"]
[White "MADABUSHI, RAGHAVAN:jayrag"]
[Black "Dixon, Javier:JavierDix"]
[Result "0-1"]
[ICCResult "White checkmated"]
[WhiteElo "1325"]
[BlackElo "1519"]
[Opening "Modern defense"]
[ECO "A40"]
[NIC "QO.17"]
[Time "18:00:15"]
[TimeControl "4500+10"]

1. d4 g6 2. Nf3 Bg7 3. c4 c5 4. e3 cxd4 5. exd4 d6 6. Nc3 Nc6 7. Be3 Nf6 8.
Qc2 Ng4 9. Bd3 Nxe3 10. fxe3 O-O 11. a3 Bg4 12. O-O-O Bh6 13. Rde1 Bxf3 14.
gxf3 Nxd4 15. Qg2 e6 16. h4 Nb3+ 17. Kb1 Nc5 18. Bc2 Bg7 19. h5 Bxc3 20.
hxg6 Bg7 21. Qh2 h6 22. gxf7+ Rxf7 23. Reg1 Qf6 24. Bg6 Re7 25. Rg2 Rd8 26.
Qg1 Rf8 27. f4 e5 28. Bc2 exf4 29. Rg6 Qxb2# {White checkmated} 0-1

[Event "ICC tourney 2690 (75 10)"]
[Site "Internet Chess Club"]
[Date "2021.09.25"]
[Round "3"]
[White "Mason, Mike W:MikeWMason"]
[Black "Anh, Phuc:Phucanhfananime"]
[Result "0-1"]
[ICCResult "White resigns"]
[WhiteElo "1614"]
[BlackElo "1500"]
[Opening "Sicilian: Smith-Morra gambit"]
[ECO "B21"]
[NIC "SI.48"]
[Time "18:03:59"]
[TimeControl "4500+10"]

1. e4 c5 2. d4 cxd4 3. c3 dxc3 4. Nxc3 g6 5. Nf3 Bg7 6. Bc4 Nf6 7. e5 Ng8 8.
O-O Qc7 9. Qe2 Nc6 10. Bf4 Nh6 11. Nd5 Qa5 12. b4 Nxb4 13. Bd2 Qxd5 14. Bxd5
Nxd5 15. Rfd1 e6 16. Nd4 Nf5 17. Nxf5 gxf5 18. f4 O-O 19. Rab1 b6 20. Rb3
Bb7 21. g3 Rfc8 22. Bb4 a5 23. Bd6 Nc3 24. Rxc3 Rxc3 25. Qb5 Rc6 26. Be7
Rac8 27. Rxd7 Rc1+ 28. Kf2 Bc6 29. Qd3 Bxd7 30. Qxd7 R1c7 31. Qd6 Rc2+ 32.
Ke3 R8c3+ 33. Kd4 Rc8 34. Kd3 Rxh2 35. Qd7 Rhc2 36. Bd6 Bf8 37. Bxf8 R8c3+
38. Kd4 Rd2+ 39. Kxc3 Rxd7 40. Bd6 f6 41. Kc4 Kf7 42. Kb5 fxe5 43. fxe5 h5
44. Kxb6 a4 45. Kc6 Ke8 {White resigns} 0-1

[Event "ICC tourney 2690 (75 10)"]
[Site "Internet Chess Club"]
[Date "2021.09.25"]
[Round "3"]
[White "GARCIA, CARLOS:cayo89"]
[Black "HOSUR, SANMITA:phosur"]
[Result "1-0"]
[ICCResult "Black checkmated"]
[WhiteElo "1547"]
[BlackElo "1123"]
[Opening "Queen's pawn: Chigorin variation"]
[ECO "D00"]
[NIC "QP.08"]
[Time "18:00:23"]
[TimeControl "4500+10"]

1. d4 d5 2. Nc3 Nf6 3. Bf4 e6 4. e3 a6 5. Bd3 Be7 6. h3 Nbd7 7. Nf3 c5 8.
Ne5 O-O 9. O-O Re8 10. Qf3 Nf8 11. g4 Ng6 12. Bg3 Rf8 13. g5 Nd7 14. h4 Bd6
15. Nxd7 Qxd7 16. h5 Ne7 17. Kg2 Bxg3 18. fxg3 cxd4 19. exd4 f6 20. Rae1 Nc6
21. Qf4 b5 22. h6 Qf7 23. Qd6 Nxd4 24. gxf6 gxf6 25. Rf4 Nf5 26. Rg4+ Kh8
27. Bxf5 Bb7 28. Rg7 d4+ 29. Kg1 Qh5 30. Rxh7+ Kg8 31. Qxe6+ Rf7 32. Rg7+
Kf8 33. Qd6+ Re7 34. Qxe7# {Black checkmated} 1-0

[Event "ICC tourney 2690 (75 10)"]
[Site "Internet Chess Club"]
[Date "2021.09.26"]
[Round "4"]
[White "TANG, VINCENT:VincentT2008"]
[Black "Anh, Phuc:Phucanhfananime"]
[Result "0-1"]
[ICCResult "White resigns"]
[WhiteElo "1614"]
[BlackElo "1500"]
[Opening "Benkö gambit"]
[ECO "A57"]
[NIC "BI.46"]
[Time "11:00:32"]
[TimeControl "4500+10"]

1. d4 Nf6 2. c4 c5 3. d5 b5 4. Qc2 b4 5. e4 d6 6. f4 e5 7. fxe5 dxe5 8. Nf3
Bd6 9. Bd3 Bg4 10. O-O O-O 11. Bg5 Nbd7 12. Nbd2 a5 13. b3 a4 14. bxa4 Qa5
15. a3 Qxa4 16. axb4 Qxa1 17. Rxa1 Rxa1+ 18. Kf2 cxb4 19. Nb3 Ra3 20. Bxf6
gxf6 21. h3 Bxf3 22. gxf3 Nc5 23. Nxc5 Bxc5+ 24. Kg3 b3 25. Qb2 Rb8 26. Bb1
Kh8 27. f4 Ra4 28. fxe5 Rxc4 29. e6 Bd4 30. Qd2 Rg8+ 31. Kh4 fxe6 32. dxe6
Be5 33. e7 Bg3+ 34. Kh5 Rc5+ 35. Qd5 Rxd5+ 36. exd5 Re8 37. Kg4 Be5
{White resigns}
0-1